General information
- name: BNet
- type: Ladder team game (AT/RT)
- host: Battle.net
- saver: GayTiMe.WeRRa
map: Dragonblight
- players: 6
- length: 28:59
- speed: Fast
- version: 1.24 W3XP
- replay type: Public
» download(237 KB)
Players
team 1 (loser)
LastApache (
blue | 80 APM | 2297 actions | 28:38)
5 Tauren Chieftain
3 War Stomp
2 Endurance Aura
2 Shadow Hunter
1 Hex
1 Serpent Ward
» actions
| Assign group hotkey | 61 | |
| Basic commands | 83 | |
| Build / train | 64 | |
| Enter build submenu | 15 | |
| Enter hero's abilities submenu | 7 | |
| Right click | 815 | |
| Select / deselect | 441 | |
| Select group hotkey | 715 | |
| Use ability | 96 | |
2297 total
» units
| Peon | 8 | |
| Grunt | 10 | |
| Troll Witch Doctor | 14 | |
| Tauren | 7 | |
| Demolisher | 1 | |
40 total
» upgrades
| Berserker Strength | 1 | |
| Witch Doctor Training | 2 | |
| Armor | 1 | |
| Reinforced Defenses | 1 | |
| Melee Weapons | 1 | |
| Pulverize | 1 | |
| Burning Oil | 1 | |
8 total
» buildings
| Altar of Storms | 1 | |
| Orc Burrow | 6 | |
| Barracks | 1 | |
| Voodoo Lounge | 1 | |
| Stronghold | 1 | |
| War Mill | 1 | |
| Watch Tower | 1 | |
| Fortress | 1 | |
| Spirit Lodge | 2 | |
| Tauren Totem | 1 | |
16 total
» build order
00:08 Altar of Storms
00:19 Orc Burrow
00:51 Barracks
01:21 Orc Burrow
02:09 Orc Burrow
02:38 Voodoo Lounge
03:57 Stronghold
04:47 Orc Burrow
05:14 War Mill
06:12 Orc Burrow
06:38 Watch Tower
07:01 Fortress
07:42 Spirit Lodge
08:20 Spirit Lodge
08:58 Orc Burrow
10:44 Tauren Totem
» items
| Healing Salve | 3 | |
| Scroll of Speed | 2 | |
5 total
LastMohican (
pink | 123 APM | 3559 actions | 28:58)
4 Archmage
2 Summon Water Elemental
2 Brilliance Aura
2 Mountain King
1 Storm Bolt
1 Thunder Clap
2 Paladin
1 Holy Light
1 Divine Shield
» actions
| Assign group hotkey | 38 | |
| Basic commands | 12 | |
| Build / train | 120 | |
| ESC pressed | 1 | |
| Enter build submenu | 29 | |
| Enter hero's abilities submenu | 9 | |
| Right click | 1325 | |
| Select / deselect | 441 | |
| Select group hotkey | 1461 | |
| Use ability | 123 | |
3559 total
» units
| Peasant | 18 | |
| Footman | 7 | |
| Flying Machine | 31 | |
| Knight | 6 | |
| Blue Dragon | 1 | |
| Siege Engine | 1 | |
64 total
» upgrades
| Masonry | 2 | |
| Defend | 1 | |
| Lumber Harvesting | 2 | |
| Flak Cannons | 1 | |
| Animal War Training | 1 | |
| Flying Machine Bombs | 1 | |
| Plating | 1 | |
| Gunpowder | 1 | |
| Barrage | 1 | |
11 total
» buildings
| Altar of Kings | 1 | |
| Barracks | 1 | |
| Farm | 12 | |
| Scout Tower | 11 | |
| Arcane Tower | 5 | |
| Lumber Mill | 2 | |
| Arcane Vault | 1 | |
| Town Hall | 2 | |
| Guard Tower | 9 | |
| Keep | 1 | |
| Blacksmith | 1 | |
| Castle | 1 | |
| Workshop | 2 | |
| Gryphon Aviary | 1 | |
50 total
» build order
00:08 Altar of Kings
00:12 Barracks
00:27 Farm
00:56 Farm
01:34 Farm
01:41 Scout Tower
02:01 Farm
02:04 Scout Tower
02:15 Arcane Tower
02:20 Lumber Mill
02:38 Arcane Vault
03:46 Farm
04:21 Scout Tower
04:22 Scout Tower
04:22 Scout Tower
04:28 Town Hall
04:43 Guard Tower
04:51 Guard Tower
05:43 Arcane Tower
05:43 Arcane Tower
06:04 Scout Tower
06:25 Scout Tower
06:39 Keep
06:48 Scout Tower
07:09 Lumber Mill
07:18 Blacksmith
07:34 Guard Tower
07:36 Guard Tower
08:02 Farm
08:05 Farm
08:06 Farm
08:43 Guard Tower
09:04 Castle
09:57 Workshop
10:54 Workshop
11:14 Gryphon Aviary
11:26 Farm
11:59 Farm
12:00 Farm
12:01 Farm
13:35 Guard Tower
13:55 Guard Tower
23:09 Town Hall
23:49 Scout Tower
24:09 Scout Tower
24:10 Scout Tower
24:59 Guard Tower
25:01 Arcane Tower
25:01 Arcane Tower
26:29 Guard Tower
» items
| Scroll of Regeneration | 4 | |
| Lesser Clarity Potion | 5 | |
| Ivory Tower | 3 | |
| Potion of Healing | 2 | |
| Potion of Mana | 1 | |
| Scroll of Town Portal | 1 | |
| Boots of Speed | 1 | |
17 total
sumtincool (
red | 106 APM | 3011 actions | 28:20)
5 Death Knight
3 Death Coil
2 Unholy Aura
6 Lich
3 Frost Nova
2 Frost Armor
1 Death and Decay
» actions
| Assign group hotkey | 132 | |
| Build / train | 84 | |
| ESC pressed | 2 | |
| Enter build submenu | 19 | |
| Enter hero's abilities submenu | 11 | |
| Give item / drop item | 3 | |
| Right click | 1333 | |
| Select / deselect | 439 | |
| Select group hotkey | 716 | |
| Use ability | 272 | |
3011 total
» units
| Acolyte | 7 | |
| Ghoul | 7 | |
| Crypt Fiend | 18 | |
| Obsidian Statue | 7 | |
| Blue Drake | 1 | |
| Frost Wyrm | 2 | |
42 total
» upgrades
| Creature Attack | 3 | |
| Creature Carapace | 2 | |
| Burrow | 1 | |
| Web | 1 | |
| Destroyer Form | 1 | |
8 total
» buildings
| Graveyard | 1 | |
| Crypt | 1 | |
| Altar of Darkness | 1 | |
| Ziggurat | 8 | |
| Tomb of Relics | 1 | |
| Nerubian Tower | 1 | |
| Halls of the Dead | 1 | |
| Black Citadel | 1 | |
| Slaughterhouse | 1 | |
| Sacrificial Pit | 1 | |
| Boneyard | 1 | |
18 total
» build order
00:04 Graveyard
00:05 Crypt
00:39 Altar of Darkness
00:54 Ziggurat
01:27 Tomb of Relics
01:56 Ziggurat
01:59 Ziggurat
03:50 Nerubian Tower
04:08 Halls of the Dead
05:27 Ziggurat
06:49 Black Citadel
07:50 Slaughterhouse
07:52 Ziggurat
07:55 Sacrificial Pit
10:32 Boneyard
11:20 Ziggurat
12:02 Ziggurat
12:05 Ziggurat
» items
| Rod of Necromancy | 3 | |
| Dust of Appearance | 1 | |
| Sacrificial Skull | 1 | |
| Healing Salve | 1 | |
| Lesser Clarity Potion | 4 | |
| Scroll of Town Portal | 1 | |
| Potion of Healing | 2 | |
| Scroll of Regeneration | 2 | |
| Orb of Corruption | 1 | |
16 total
team 2 (winner)

»
GayTiMe.WeRRa (
orange | 74 APM | 2133 actions | 28:59)
6 Tauren Chieftain
3 War Stomp
2 Endurance Aura
1 Reincarnation
5 Shadow Hunter
2 Hex
3 Healing Wave
5 Pandaren Brewmaster
3 Breath of Fire
2 Drunken Haze
» actions
| Assign group hotkey | 25 | |
| Basic commands | 132 | |
| Build / train | 61 | |
| ESC pressed | 1 | |
| Enter build submenu | 20 | |
| Enter hero's abilities submenu | 19 | |
| Give item / drop item | 2 | |
| Right click | 940 | |
| Select / deselect | 492 | |
| Select group hotkey | 354 | |
| Use ability | 84 | |
2133 total
» units
| Peon | 12 | |
| Grunt | 7 | |
| Wind Rider | 7 | |
| Troll Batrider | 2 | |
| Blue Dragon | 1 | |
29 total
» upgrades
| Armor | 1 | |
| Ranged Weapons | 2 | |
| Envenomed Spears | 1 | |
4 total
» buildings
| Altar of Storms | 1 | |
| Orc Burrow | 6 | |
| Barracks | 1 | |
| Voodoo Lounge | 1 | |
| Stronghold | 2 | |
| War Mill | 1 | |
| Fortress | 1 | |
| Beastiary | 4 | |
| Great Hall | 1 | |
18 total
» build order
00:05 Altar of Storms
00:08 Orc Burrow
00:30 Barracks
01:51 Orc Burrow
02:03 Voodoo Lounge
04:26 Stronghold
04:26 Stronghold
04:59 War Mill
05:04 Orc Burrow
06:06 Orc Burrow
07:45 Fortress
08:35 Orc Burrow
10:02 Beastiary
10:03 Beastiary
11:00 Orc Burrow
16:58 Great Hall
25:13 Beastiary
25:14 Beastiary
» items
| Healing Salve | 3 | |
| Potion of Healing | 1 | |
| Scroll of Town Portal | 1 | |
| Orb of Lightning | 1 | |
6 total
Retarded_Archer (
purple | 73 APM | 2106 actions | 28:59)
3 Blademaster
2 Wind Walk
1 Critical Strike
3 Shadow Hunter
1 Hex
2 Healing Wave
3 Tauren Chieftain
2 War Stomp
1 Endurance Aura
» actions
| Assign group hotkey | 43 | |
| Basic commands | 106 | |
| Build / train | 56 | |
| ESC pressed | 1 | |
| Enter build submenu | 20 | |
| Enter hero's abilities submenu | 9 | |
| Remove unit from queue | 1 | |
| Right click | 1043 | |
| Select / deselect | 545 | |
| Select group hotkey | 197 | |
| Use ability | 85 | |
2106 total
» units
| Peon | 9 | |
| Grunt | 4 | |
| Tauren | 9 | |
| Shaman | 4 | |
| Troll Witch Doctor | 4 | |
30 total
» upgrades
| Shaman Training | 2 | |
| Pulverize | 1 | |
| Witch Doctor Training | 2 | |
| Reinforced Defenses | 1 | |
6 total
» buildings
| Altar of Storms | 1 | |
| Orc Burrow | 7 | |
| Barracks | 1 | |
| Voodoo Lounge | 1 | |
| Stronghold | 1 | |
| Fortress | 1 | |
| War Mill | 1 | |
| Spirit Lodge | 1 | |
| Tauren Totem | 6 | |
20 total
» build order
00:06 Altar of Storms
00:08 Orc Burrow
00:21 Barracks
01:29 Voodoo Lounge
01:47 Orc Burrow
03:59 Stronghold
04:15 Orc Burrow
06:24 Fortress
06:29 War Mill
06:58 Orc Burrow
08:31 Spirit Lodge
08:49 Tauren Totem
08:51 Tauren Totem
08:55 Tauren Totem
08:56 Tauren Totem
09:56 Orc Burrow
12:34 Orc Burrow
14:41 Tauren Totem
14:42 Tauren Totem
18:15 Orc Burrow
» items
| Healing Salve | 1 | |
| Lesser Clarity Potion | 1 | |
| Scroll of Town Portal | 1 | |
| Scroll of Speed | 1 | |
4 total

»
yeahshesassbats (
yellow | 112 APM | 3232 actions | 28:58)
6 Keeper of the Grove
3 Entangling Roots
2 Thorns Aura
1 Tranquility
5 Priestess of the Moon
3 Trueshot Aura
2 Searing Arrows
» actions
| Assign group hotkey | 86 | |
| Build / train | 85 | |
| ESC pressed | 1 | |
| Enter build submenu | 18 | |
| Enter hero's abilities submenu | 11 | |
| Give item / drop item | 3 | |
| Right click | 1245 | |
| Select / deselect | 343 | |
| Select group hotkey | 1354 | |
| Use ability | 86 | |
3232 total
» units
| Wisp | 21 | |
| Faerie Dragon | 30 | |
| Blue Dragon | 1 | |
52 total
» upgrades
| Strength of the Wild | 2 | |
| Reinforced Hides | 2 | |
4 total
» buildings
| Altar of Elders | 1 | |
| Moon Well | 7 | |
| Ancient of Wonders | 1 | |
| Tree of Ages | 1 | |
| Tree of Life | 2 | |
| Ancient of Wind | 3 | |
| Hunter's Hall | 1 | |
| Ancient Protector | 1 | |
17 total
» build order
00:21 Altar of Elders
01:04 Moon Well
02:28 Moon Well
02:32 Moon Well
02:44 Ancient of Wonders
03:09 Tree of Ages
03:41 Moon Well
04:28 Tree of Life
04:37 Moon Well
05:36 Ancient of Wind
05:39 Ancient of Wind
05:43 Ancient of Wind
06:12 Moon Well
06:14 Moon Well
09:03 Hunter's Hall
23:46 Tree of Life
26:45 Ancient Protector
» items
| Lesser Clarity Potion | 2 | |
| Scroll of Speed | 1 | |
| Healing Salve | 1 | |
| Scroll of Town Portal | 2 | |
| Potion of Healing | 3 | |
| Potion of Mana | 2 | |
| Scroll of Healing | 2 | |
| Potion of Lesser Invulnerability | 1 | |
| Scroll of Protection | 1 | |
15 total
Chat log
(00:13 / Allies) yeahshesassbats: i bought that dota game
(00:31 / Allies) yeahshesassbats: that heroes of cockworld
(00:34 / Allies) Retarded_Archer: im
(00:36 / Allies) Retarded_Archer: the best
(00:36 / Allies) yeahshesassbats: buy it
(00:37 / Allies) Retarded_Archer: at that game
(00:45 / Allies) yeahshesassbats: im joking
(00:51 / Allies) Retarded_Archer: im the best
(00:57 / Allies) yeahshesassbats: i played like 1 game with a beta key some kid gave me
(01:14 / All) Retarded_Archer: I played alot of dota
(01:33 / All) sumtincool: im a retired dota allstar so
(01:41 / All) Retarded_Archer: im a retired cock mongler
(01:42 / All) Retarded_Archer: So
(01:43 / All) yeahshesassbats: i bought mass effect 2
(01:45 / All) GayTiMe.WeRRa: purple sucks
(01:50 / All) LastApache: woot
(01:58 / All) LastApache: me no english..name u?
(02:03 / All) LastApache: me love america
(02:04 / All) yeahshesassbats: same
(02:08 / All) yeahshesassbats: me name yeahshesassbats
(03:19 / Allies) yeahshesassbats: im playing starcraft 2
(08:49 / All) GayTiMe.WeRRa: sky would of tped his archmage.
(14:31 / All) GayTiMe.WeRRa: Wow u guys need lessons
(15:41 / All) GayTiMe.WeRRa: Ur stupid
(16:37 / All) GayTiMe.WeRRa: dumb
(18:11 / All) GayTiMe.WeRRa: So bad at wc3